 Dungeon Crawl Stone Soup version 0.21.1-1-g345015f (webtiles) character file.

2144 Hebeh the Sneak (level 9, 0/79 HPs)
             Began as a Deep Dwarf Fighter on June 13, 2018.
             Was a Follower of Makhleb.
             Succumbed to a killer bee's poison
             ... on level 7 of the Dungeon.
             The game lasted 00:51:27 (6004 turns).

Hebeh the Sneak (Deep Dwarf Fighter)                Turns: 6004, Time: 00:51:28

Health: 0/79       AC:  7    Str: 24    XL:     9   Next: 9%
Magic:  8/8        EV:  8    Int:  8    God:    Makhleb [*.....]
Gold:   462        SH: 10    Dex: 12    Spells: 13/13 levels left

rFire    + . .     SeeInvis .   a - +0 war axe
rCold    . . .     Gourm    .   c - +0 shield
rNeg     . . .     Faith    .   b - +0 scale mail
rPois    .         Spirit   .   (no helmet)
rElec    .         Reflect  .   (no cloak)
rCorr    .         Harm     .   (no gloves)
MR       +....                  (no boots)
Stlth    ++........             (no amulet)
HPRegen  0.00/turn              O - ring of protection from fire
MPRegen  0.11/turn              (no ring)

@: lethally poisoned (0 -> -30), non-regenerating
A: damage resistance, heal wounds, sense surroundings 2, no regeneration
a: Heal Wounds, Renounce Religion


You were on level 7 of the Dungeon.
You worshipped Makhleb.
Makhleb was aware of your devotion.
You were not hungry.

You visited 2 branches of the dungeon, and saw 9 of its levels.

You collected 462 gold pieces.

Inventory:

Hand Weapons
 a - a +0 war axe (weapon)
 h - a +3 mace
 l - a +1 halberd of freezing
 H - a cursed -2 whip
 I - a +1 flail of pain
 L - a +1 short sword of electrocution
 R - a +4 great sword
Missiles
 g - 359 stones (quivered)
 C - 68 poisoned needles
 F - 7 needles of paralysis
Armour
 b - a +0 scale mail (worn)
 c - a +0 shield (worn)
 t - a +2 robe of fire resistance
 P - a +0 pair of gloves
Jewellery
 k - a cursed ring of teleportation {unknown}
 n - an uncursed ring of ice
 v - a cursed -5 ring of intelligence {unknown}
 z - an uncursed amulet of regeneration
 O - a ring of protection from fire (left hand)
 Q - an uncursed ring of wizardry {unknown}
 T - an uncursed amulet of rage {unknown}
Wands
 q - a wand of iceblast (7)
 s - a wand of flame (12)
 A - a wand of acid (7)
 N - a wand of random effects (34)
 V - a wand of clouds (3)
Scrolls
 i - 5 scrolls of amnesia {unknown}
 j - 3 scrolls of magic mapping {unknown}
 o - 2 scrolls of blinking {unknown}
 r - 6 scrolls of enchant armour {unknown}
 u - 3 scrolls of immolation {unknown}
 w - 4 scrolls of remove curse {unknown}
 x - a scroll of random uselessness {unknown}
 y - 3 scrolls of enchant weapon {unknown}
 B - a scroll of fear {unknown}
 D - 2 scrolls of teleportation {unknown}
 E - 2 scrolls of noise {unknown}
 M - a scroll of fog {unknown}
Potions
 d - 3 potions of might
 e - a potion of agility {unknown}
 m - 2 potions of heal wounds {unknown}
 p - 2 potions of resistance {unknown}
 G - a potion of cancellation {unknown}
 U - 2 potions of brilliance {unknown}
Books
 J - a book of Misfortune

   Spells                             Type                      Level
   a - Confusing Touch                Hexes                        1
   b - Confuse                        Hexes                        3
   c - Gell's Gravitas                Translocation                3
   d - Petrify                        Transmutation/Earth          4
   e - Metabolic Englaciation         Hexes/Ice                    5
   f - Yara's Violent Unravelling     Hexes/Transmutation          5
 K - a book of Misfortune

   Spells                             Type                      Level
   a - Confusing Touch                Hexes                        1
   b - Confuse                        Hexes                        3
   c - Gell's Gravitas                Translocation                3
   d - Petrify                        Transmutation/Earth          4
   e - Metabolic Englaciation         Hexes/Ice                    5
   f - Yara's Violent Unravelling     Hexes/Transmutation          5
Comestibles
 f - 9 rations
 S - 9 chunks of flesh


   Skills:
 + Level 4.4 Fighting
 * Level 6.3(6.9) Axes
 + Level 3.6(5.2) Maces & Flails
 + Level 5.4 Armour
 * Level 7.1 Stealth
 + Level 5.4 Shields
 + Level 2.9 Spellcasting
 + Level 0.7 Invocations
 + Level 2.9 Evocations


You had 13 spell levels left.
You didn't know any spells.

Dungeon Overview and Level Annotations

Branches:
Dungeon (8/15)             Temple (1/1) D:6
   Lair: D:8-11

Altars:
Ashenzari
Cheibriados
Dithmenos
Elyvilon
Fedhas
Gozag
Hepliaklqana
Kikubaaqudgha
Makhleb
Nemelex Xobeh
Okawaru
Qazlal
Ru
Sif Muna
Trog
Uskayaw
Vehumet
Wu Jian
Xom
Yredelemnul
Zin
The Shining One


Innate Abilities, Weirdness & Mutations

You are resistant to damage.
You can heal yourself by infusing magical energy.
You passively map the area around you.
You do not regenerate.


Message History

You feel very sick. The killer bee stings you!
You are more poisoned.
The killer bee poisons you! The killer bee completely misses you.
* * * LOW HITPOINT WARNING * * *
You feel very sick.
You block the killer bee's attack. x2; The killer bee closely misses you.
The killer bee stings you.
* * * LOW HITPOINT WARNING * * *
You feel very sick.
* * * LOW HITPOINT WARNING * * *
You feel very sick. The killer bee stings you!
* * * LOW HITPOINT WARNING * * *
You are more poisoned.
The killer bee poisons you! You block the killer bee's attack. x2
* * * LOW HITPOINT WARNING * * *
You feel very sick. You block the killer bee's attack.
You die...

...#...........†.†......
#..............o.†##....
*
....##.##.......o......#*
###....######...........
# ##.....)###...........,
# ##...................,
# ##.###..##.yy....... .#
#..# ##.##.......... **
.# #.## ##.#)..@....../ *
* .# #.# #...)........#.,
**, .#* #.#
#..>).......... , ,
...##.####..........#...,
,
....................#...
, #####...............#
.., , ##.##............#
, , ####..#..#...........
, .....#..##.....)..... ,
, ,


You could see 2 killer bees and 2 orcs.

Vanquished Creatures
  Grinder (D:3)
  A water moccasin (D:6)
  A sky beast (D:5)
  An ice beast (D:7)
  2 ogres
  2 bullfrogs
  6 killer bees
  5 wights
  A bullfrog zombie (D:5)
  4 crimson imps
  A bullfrog skeleton (D:5)
  2 hounds
  2 orc priests (D:5)
  A gnoll shaman (D:3)
  An orc wizard (D:5)
  Jessica (D:2)
  2 iguanas
  4 worker ants
  A hound zombie (D:7)
  A worker ant zombie (D:5)
  3 gnolls
  9 adders
  A howler monkey skeleton (D:4)
  An ooze (D:4)
  4 adder skeletons
  3 worms
  5 dart slugs
  3 leopard geckos (D:3)
  22 orcs
  8 bats
  4 giant cockroaches
  12 goblins
  11 hobgoblins
  10 jackals
  11 kobolds
  A quokka (D:3)
  A ball python (D:1)
  5 frilled lizards
  A jackal skeleton (D:7)
  8 rats
163 creatures vanquished.

Notes
Turn   | Place    | Note
-------+----------+-------------------------------------------
     0 | D:1      | Hebeh the Deep Dwarf Fighter began the quest for the Orb.
     0 | D:1      | Reached XP level 1. HP: 20/20 MP: 1/1
   282 | D:1      | Reached XP level 2. HP: 25/27 MP: 2/2
   284 | D:1      | Reached skill level 1 in Stealth
   745 | D:2      | Reached XP level 3. HP: 31/33 MP: 3/3
   755 | D:2      | Reached skill level 2 in Stealth
  1012 | D:2      | Reached XP level 4. HP: 28/40 MP: 3/5
  1088 | D:2      | Found a faded altar of an unknown god.
  1093 | D:2      | Noticed Jessica
  1109 | D:2      | Killed Jessica
  1158 | D:2      | Reached skill level 1 in Maces & Flails
  1546 | D:3      | Noticed Grinder
  1557 | D:3      | Paralysed by something for 2 turns
  1563 | D:3      | Killed Grinder
  1563 | D:3      | Reached skill level 3 in Stealth
  1563 | D:3      | Reached skill level 1 in Spellcasting
  1563 | D:3      | Reached XP level 5. HP: 17/49 MP: 4/6
  1563 | D:3      | Reached XP level 6. HP: 20/56 MP: 4/7
  1897 | D:3      | Found a glowing silver altar of Zin.
  2041 | D:3      | Reached skill level 4 in Stealth
  2784 | D:3      | Reached XP level 7. HP: 43/62 MP: 7/7
  3359 | D:5      | Entered Level 5 of the Dungeon
  3665 | D:5      | Reached skill level 5 in Stealth
  3745 | D:5      | Reached skill level 5 in Axes
  3929 | D:5      | Reached XP level 8. HP: 34/72 MP: 9/9
  5056 | D:6      | Reached skill level 1 in Evocations
  5170 | D:6      | Reached skill level 6 in Stealth
  5258 | D:6      | Found a staircase to the Ecumenical Temple.
  5297 | D:6      | Reached skill level 5 in Armour
  5314 | Temple   | Entered the Ecumenical Temple
  5487 | Temple   | Became a worshipper of Makhleb the Destroyer
  5596 | D:6      | Reached skill level 5 in Shields
  5980 | D:7      | Gained mutation: You passively map the area around you. [Deep Dwarf growth]
  5980 | D:7      | Reached XP level 9. HP: 51/79 MP: 8/8
  5989 | D:7      | Reached skill level 7 in Stealth
  5992 | D:7      | Reached * piety under Makhleb
  6004 | D:7      | Succumbed to a killer bee's poison

Skill      XL: |  1  2  3  4  5  6  7  8  9 |
---------------+----------------------------+-----
Stealth        | 1 2 3 4 5 6 7 |  7.1
Axes           | 3 4 5 6 |  6.3
Fighting       | 3 4 |  4.4
Maces & Flails | 1 2 3 |  3.6
Armour         | 4 5 |  5.4
Shields        | 4 5 |  5.4
Spellcasting   | 1 2 |  2.9
Evocations     | 2 |  2.9
Invocations    | |  0.7

Action                   |  1- 3 |  4- 6 |  7- 9 || total
-------------------------+-------+-------+-------++-------
Melee: War axe           |    97 |   162 |   345 ||   604
 Abil: Heal Wounds       |       |     8 |    23 ||    31
Evoke: Wand              |       |       |     1 ||     1
  Use: Scroll            |       |       |     5 ||     5
 Stab: Sleeping          |       |     1 |     2 ||     3
  Eat: Chunk             |     1 |     5 |    10 ||    16
       Ration            |       |       |     1 ||     1
Armor: Scale mail        |    48 |    54 |   194 ||   296
Dodge: Dodged            |    33 |    40 |   166 ||   239
Block: Shield            |    61 |    77 |   283 ||   421
